 Dungeon Crawl Stone Soup version 0.29.0-11-gd7f09526c8 (webtiles) character file.

Game seed: 4967613575131854029

129 sanka the Ruffian (level 4, -15/44 HPs)
             Began as a Troll Monk on Sept 2, 2022.
             Demolished by an orc warrior
             ... wielding a +0 battleaxe
              (25 damage)
             ... on level 3 of the Dungeon.
             The game lasted 00:02:27 (1631 turns).

sanka the Ruffian (Troll Monk)                      Turns: 1631, Time: 00:02:28

Health: -15/44     AC:  4    Str: 21    XL:     4   Next: 88%
Magic:  3/3        EV: 10    Int:  6    God:
Gold:   111        SH:  0    Dex: 12    Spells: 3/3 levels left

rFire   . . .      SeeInvis +     - Unarmed
rCold   . . .      Faith    .   (no shield)
rNeg    . . .      Spirit   .   a - +0 robe
rPois   .          Reflect  .   (helmet restricted)
rElec   .          Harm     .   (no cloak)
rCorr   .          Rampage  .   (gloves unavailable)
Will    .....                   (boots unavailable)
Stlth   +.........              j - amulet of regeneration
HPRegen 1.74/turn               (no ring)
MPRegen 0.08/turn               e - ring of see invisible

@: confused, ambrosia-drunk
A: large, unfitting armour, claws 3, regeneration 1, shaggy fur 1, tough skin 1
a: no special abilities


You were on level 3 of the Dungeon.
You visited 1 branch of the dungeon, and saw 3 of its levels.

You collected 111 gold pieces.


Innate Abilities, Weirdness & Mutations

You are too large for most types of armour.
You have claws for hands.
Your natural rate of healing is unusually fast.
You are covered in fur. (AC +1)
You have tough skin. (AC +1)


   Skills:
 - Level 2.4 Fighting
 - Level 2.4 Dodging
 - Level 1.0 Stealth
 + Level 5.6 Unarmed Combat


You had 3 spell levels left.
You didn't know any spells.
Your spell library contained the following spells:

 Spells                   Type           Power      Damage    Failure   Level
 Blink                    Tloc           0%         N/A       58%         2
 Ozocubu's Armour         Ice            0%         N/A       83%         3
 Manifold Assault         Tloc           0%         N/A       100%        5
 Metabolic Englaciation   Hex/Ice        0%         N/A       100%        5
 Simulacrum               Ice/Necr       0%         N/A       100%        6
 Storm Form               Tmut/Air       0%         N/A       100%        7

Inventory:

Armour
 a - a +0 robe (worn)
Jewellery
 e - a ring of see invisible (right claw)
 j - an amulet of regeneration (around neck)
Scrolls
 c - 5 scrolls of identify {unknown}
 d - a scroll of teleportation {unknown}
 f - a scroll of fear {unknown}
 h - a scroll of enchant weapon {unknown}
 i - a scroll of torment {unknown}
 m - a scroll of poison {unknown}
 o - a scroll of vulnerability {unknown}
 p - a scroll of brand weapon {unknown}
Potions
 g - a potion of curing {unknown}
 k - a potion of mutation {unknown}
 l - a potion of degeneration {unknown}
 n - 2 potions of experience {unknown}

Dungeon Overview and Level Annotations

Branches:
Dungeon (3/15)

Altars:

Shops:
D:2 * D:3

: ......▒........
.....................
▒...........?.........
▒.....................
▒.....................▒▒▒▒
▒.......)▒...........[....
▒........▒................
▒▒▒▒▒....o................
▒....T..▒... ........▒
▒▒.............>..(...†
▒.......▒▒▒..........<.
▒▒........▒.........(.▒.
▒.......[.... .......▒.
▒▒...........▒ ........o
▒..▒......▒..▒ .....▒▒▒.
▒▒.▒▒...†..▒..▒ ▒.▒▒▒▒▒..
▒..▒.......▒..▒ ▒........


You could see an orc warrior.


Message History

The orc warrior hits you with a +0 battleaxe!
You closely miss the orc warrior.
The orc warrior hits you with a +0 battleaxe!
You closely miss the orc warrior. The orc warrior misses you.
You scratch the orc warrior.
The orc warrior is lightly wounded.
You closely miss the orc warrior.
The orc warrior is lightly wounded.
The orc warrior barely misses you.
You claw the orc warrior!
The orc warrior is heavily wounded.
The orc warrior closely misses you.
You barely miss the orc warrior.
The orc warrior is heavily wounded.
The orc warrior misses you.
You claw the orc warrior!
The orc warrior is severely wounded.
The orc warrior hits you with a +0 battleaxe!!
Ouch! That really hurt!
* * * LOW HITPOINT WARNING * * *
You are confused.
You feel invigorated.
The orc warrior hits you with a +0 battleaxe!
* * * LOW HITPOINT WARNING * * *
The orc warrior hits you with a +0 battleaxe!
* * * LOW HITPOINT WARNING * * *
The orc warrior hits you with a +0 battleaxe!!
Ouch! That really hurt!
You die...

Action                   |  1- 3 |  4- 6 || total
-------------------------+-------+-------++-------
Melee: Unarmed           |    96 |    24 ||   120
       Punch             |       |     1 ||     1
  Use: Potion            |       |     1 ||     1
 Stab: Sleeping          |     6 |       ||     6
Armor: Robe              |    29 |     4 ||    33
Dodge: Dodged            |    59 |    14 ||    73

Levels and vault maps discovered:
D:1:      minmay_arrival_jagged, layout_basic,
          shapermc_ecumenical_altar_mp_ritualfount
D:2:      layout_basic, serial_shops, shop, serial_bayou_pond_c
D:3:      layout_rooms, nicolae_qazlal_general_emergency, serial_shops, shop

Notes
Turn   | Place    | Note
-------+----------+-------------------------------------------
     0 | D:1      | sanka the Troll Monk began the quest for the Orb.
     0 | D:1      | Reached XP level 1. HP: 22/22 MP: 0/0
   158 | D:1      | Reached XP level 2. HP: 29/29 MP: 1/1
   232 | D:1      | Reached skill level 4 in Unarmed Combat
   458 | D:1      | Reached XP level 3. HP: 36/36 MP: 2/2
   551 | D:1      | Found a faded altar of an unknown god.
  1032 | D:2      | Found Riysch's Assorted Antiques.
  1416 | D:3      | Found Roxtaulu's Book Shop.
  1463 | D:3      | Noticed an orc warrior
  1534 | D:3      | Reached skill level 5 in Unarmed Combat
  1534 | D:3      | Reached XP level 4. HP: 44/44 MP: 3/3
  1630 | D:3      | HP: 3/44 [orc warrior/+0 battleaxe (14)]
  1631 | D:3      | Demolished by an orc warrior

Vanquished Creatures
  A hound (D:3)
  An orc wizard (D:3)
  An adder (D:2)
  5 dart slugs
  An orc (D:3)
  4 endoplasms
  3 giant cockroaches
  6 goblins
  6 hobgoblins
  3 jackals (D:1)
  2 quokkas (D:3)
  5 ball pythons
  4 bats
  3 frilled lizards
  4 kobolds
  5 rats (D:1)
54 creatures vanquished.

Vanquished Creatures (others)
  A fungus (D:1)
  2 plants
3 creatures vanquished.

Grand Total: 57 creatures vanquished
